NCAA
BUTLER BULLDOGS @ VIRGINIA TECH HOKIES
05/01/2028
 
TOP OF THE 1ST
Butler Bulldogs batting - Pitching for Virginia Tech Hokies : RHP Héctor Valentín
Pitching: RHP Héctor Valentín
Batting: LHB Alex Kelly 0-0: SINGLE (Line Drive, 8LS)
Batting: LHB Arnold Bernard 0-0: Grounds into double play, 4-6-3 (Groundball, 4)
Batting: LHB Darryl Kirby 0-0: Called Strike
0-1: Swinging Strike
0-2: Ball
1-2: Foul Ball, location: 2F
1-2: Strikes out swinging
Top of the 1st over - 0 run(s), 1 hit(s), 0 error(s), 0 left on base; Butler 0 - Virginia Tech 0
BOTTOM OF THE 1ST
Virginia Tech Hokies batting - Pitching for Butler Bulldogs : RHP Nick Raines
Pitching: RHP Nick Raines
Batting: RHB César Rodríguez 0-0: Called Strike
0-1: SINGLE (Line Drive, 4M)
Batting: LHB Chris López 0-0: Ball
1-0: Foul Ball, location: 2F
1-1: Foul Ball, location: 2F
1-2: Strikes out swinging
Batting: RHB Eric Clay 0-0: Fly out, F4 (Popup, 34D)
Batting: RHB Clay Smith 0-0: Ball
1-0: Ball
2-0: Ground out 5-3 (Groundball, 56S)
Bottom of the 1st over - 0 run(s), 1 hit(s), 0 error(s), 1 left on base; Butler 0 - Virginia Tech 0
TOP OF THE 2ND
Butler Bulldogs batting - Pitching for Virginia Tech Hokies : RHP Héctor Valentín
Batting: LHB Víctor Piña 0-0: Fly out, F8 (Flyball, 8LS)
Batting: RHB Howard Reed 0-0: Swinging Strike
0-1: Foul Ball, location: 2F
0-2: Fly out, F9 (Flyball, 89S)
Batting: SHB Kel Davis 0-0: Called Strike
0-1: Ball
1-1: Ground out 4-3 (Groundball, 4)
Top of the 2nd over - 0 run(s), 0 hit(s), 0 error(s), 0 left on base; Butler 0 - Virginia Tech 0
BOTTOM OF THE 2ND
Virginia Tech Hokies batting - Pitching for Butler Bulldogs : RHP Nick Raines
Batting: RHB Will McDonald 0-0: Called Strike
0-1: Foul Ball, location: 2F
0-2: Strikes out swinging
Batting: RHB Primo Owen 0-0: Called Strike
0-1: Foul Ball, location: 2F
0-2: Strikes out swinging
Batting: RHB Rob Fleming 0-0: Ball
1-0: SINGLE (Flyball, 7LM)
Batting: RHB Jack Jenkins 0-0: Ball
1-0: Ball
2-0: Called Strike
2-1: Called Strike
2-2: Foul Ball, location: 2F
2-2: Ball
3-2: SINGLE (Groundball, 4MD)
Rob Fleming to second
Rob Fleming to third
Batting: RHB Elliott Short 0-0: Called Strike
0-1: Ball
1-1: Ball
2-1: Ball
3-1: Base on Balls
Jack Jenkins to second
Batting: RHB César Rodríguez 0-0: Ball
1-0: Swinging Strike
1-1: Swinging Strike
1-2: Strikes out swinging
Bottom of the 2nd over - 0 run(s), 2 hit(s), 0 error(s), 3 left on base; Butler 0 - Virginia Tech 0
TOP OF THE 3RD
Butler Bulldogs batting - Pitching for Virginia Tech Hokies : RHP Héctor Valentín
Batting: RHB Foster Love 0-0: Ground out 6-3 (Groundball, 6)
Batting: RHB Daniel Bennett 0-0: Ball
1-0: Fly out, F3 (Flyball, 3DF)
Batting: SHB Larry Walters 0-0: SINGLE (Line Drive, 9LS)
Batting: LHB Alex Kelly 0-0: Foul Ball, location: 2F
0-1: Ball
1-1: Foul Ball, location: 2F
1-2: Ball
2-2: Fly out, F7 (Line Drive, 7)
Top of the 3rd over - 0 run(s), 1 hit(s), 0 error(s), 1 left on base; Butler 0 - Virginia Tech 0
BOTTOM OF THE 3RD
Virginia Tech Hokies batting - Pitching for Butler Bulldogs : RHP Nick Raines
Batting: LHB Chris López 0-0: Called Strike
0-1: Ball
1-1: Called Strike
1-2: Fly out, F4 (Popup, 4)
Batting: RHB Eric Clay 0-0: Called Strike
0-1: Ball
1-1: Ball
2-1: Called Strike
2-2: Foul Ball, location: 2F
2-2: Ball
3-2: Base on Balls
Batting: RHB Clay Smith 0-0: Called Strike
0-1: Ball
1-1: Ball
2-1: Foul Ball, location: 2F
2-2: Ball
3-2: Foul Ball, location: 2F
3-2: Base on Balls
Eric Clay to second
Batting: RHB Will McDonald 0-0: Ball
1-0: Swinging Strike
1-1: Ground out 4-3 (Groundball, 4MS)
Eric Clay to third
Clay Smith to second
Batting: RHB Primo Owen 0-0: Ball
1-0: SINGLE (Line Drive, 4MD)
Eric Clay scores
Clay Smith to third
Runner from 3rd tries for Home, SAFE, throw made home
Primo Owen to second
Batting: RHB Rob Fleming 0-0: Foul Ball, location: 2F
0-1: Ground out 6-3 (Groundball, 56)
Bottom of the 3rd over - 2 run(s), 1 hit(s), 0 error(s), 1 left on base; Butler 0 - Virginia Tech 2
TOP OF THE 4TH
Butler Bulldogs batting - Pitching for Virginia Tech Hokies : RHP Héctor Valentín
Batting: LHB Arnold Bernard 0-0: Called Strike
0-1: Ball
1-1: Ball
2-1: Foul Ball, location: 2F
2-2: Foul Ball, location: 2F
2-2: Ball
3-2: Foul Ball, location: 2F
3-2: Ground out U3 (Groundball, 3)
Batting: LHB Darryl Kirby 0-0: Ball
1-0: Ball
2-0: Ball
3-0: Called Strike
3-1: Swinging Strike
3-2: SINGLE (Flyball, 7LM)
Batting: LHB Víctor Piña 0-0: Ball
1-0: Grounds into double play, 6-4-3 (Groundball, 6M)
Top of the 4th over - 0 run(s), 1 hit(s), 0 error(s), 0 left on base; Butler 0 - Virginia Tech 2
BOTTOM OF THE 4TH
Virginia Tech Hokies batting - Pitching for Butler Bulldogs : RHP Nick Raines
Batting: RHB Jack Jenkins 0-0: DOUBLE (Line Drive, 89D)
Batting: RHB Elliott Short 0-0: Foul Ball, location: 2F
0-1: Called Strike
0-2: Ball
1-2: Strikes out swinging
Batting: RHB César Rodríguez 0-0: Ball
1-0: Ball
2-0: Ball
3-0: Called Strike
3-1: Base on Balls
Batting: LHB Chris López 0-0: Called Strike
0-1: Swinging Strike
0-2: Foul Ball, location: 2F
0-2: Strikes out looking
Batting: RHB Eric Clay 0-0: Ball
1-0: Ball
2-0: Called Strike
2-1: Ball
3-1: Base on Balls
Jack Jenkins to third
César Rodríguez to second
Batting: RHB Clay Smith 0-0: Fly out, F6 (Popup, 6)
Bottom of the 4th over - 0 run(s), 1 hit(s), 0 error(s), 3 left on base; Butler 0 - Virginia Tech 2
TOP OF THE 5TH
Butler Bulldogs batting - Pitching for Virginia Tech Hokies : RHP Héctor Valentín
Batting: RHB Howard Reed 0-0: Called Strike
0-1: Foul Ball, location: 2F
0-2: Ball
1-2: Foul Ball, location: 2F
1-2: Foul Ball, location: 2F
1-2: Foul Ball, location: 2F
1-2: Ball
2-2: Foul Ball, location: 2F
2-2: SINGLE (Line Drive, 8RS)
Batting: SHB Kel Davis 0-0: Swinging Strike
0-1: Foul Ball, location: 2F
0-2: Foul Ball, location: 2F
0-2: Ball
1-2: Strikes out swinging
Batting: RHB Foster Love 0-0: Called Strike
0-1: Ball
1-1: Called Strike
1-2: Foul Ball, location: 2F
1-2: Ball
2-2: Ball
3-2: Strikes out swinging
Batting: RHB Daniel Bennett 0-0: Called Strike
0-1: Swinging Strike
0-2: Ball
1-2: Strikes out swinging
Top of the 5th over - 0 run(s), 1 hit(s), 0 error(s), 1 left on base; Butler 0 - Virginia Tech 2
BOTTOM OF THE 5TH
Virginia Tech Hokies batting - Pitching for Butler Bulldogs : RHP Nick Raines
Batting: RHB Will McDonald 0-0: Ball
1-0: Called Strike
1-1: Fly out, F8 (Flyball, 8RM)
Pitching: LHP Iván Rangel
Batting: RHB Primo Owen 0-0: Ball
1-0: Called Strike
1-1: Ball
2-1: Ball
3-1: Fly out, F8 (Flyball, 78D)
Batting: RHB Rob Fleming 0-0: Called Strike
0-1: Ball
1-1: Swinging Strike
1-2: Ball
2-2: Strikes out swinging
Bottom of the 5th over - 0 run(s), 0 hit(s), 0 error(s), 0 left on base; Butler 0 - Virginia Tech 2
TOP OF THE 6TH
Butler Bulldogs batting - Pitching for Virginia Tech Hokies : RHP Héctor Valentín
Batting: SHB Larry Walters 0-0: Ball
1-0: SINGLE (Line Drive, 8RS)
Batting: LHB Alex Kelly 0-0: Called Strike
0-1: Ball
1-1: Ball
2-1: Fly out, F8 (Flyball, 8LM)
Batting: LHB Arnold Bernard 0-0: Foul Ball, location: 2F
0-1: Foul Ball, location: 2F
0-2: Foul Ball, location: 2F
0-2: Fly out, F4 (Popup, 4)
Pitching: RHP Russ Underwood
Batting: LHB Darryl Kirby 0-0: Ball
1-0: Ball
2-0: Fly out, F4 (Line Drive, 4)
Top of the 6th over - 0 run(s), 1 hit(s), 0 error(s), 1 left on base; Butler 0 - Virginia Tech 2
BOTTOM OF THE 6TH
Virginia Tech Hokies batting - Pitching for Butler Bulldogs : LHP Iván Rangel
Batting: RHB Jack Jenkins 0-0: SINGLE (Groundball, 4MD)
Batting: RHB Elliott Short 0-0: Ball
1-0: Ball
2-0: SINGLE (Line Drive, 4)
Jack Jenkins to second
Batting: RHB César Rodríguez 0-0: Called Strike
0-1: Ball
1-1: Foul Ball, location: 2F
1-2: Ball
2-2: Foul Ball, location: 2F
2-2: DOUBLE (Flyball, 78M)
Jack Jenkins scores
Elliott Short to third
Batting: LHB Chris López 0-0: Ball
1-0: Ground out 6-3 (Groundball, 6)
Batting: RHB Eric Clay 0-0: Intentional Walk
Batting: RHB Clay Smith 0-0: Ball
1-0: Ball
2-0: Swinging Strike
2-1: Ball
3-1: Fly out, F9 (Flyball, 9D)
Runner from 3rd tags up, SCORES, no throw
César Rodríguez to third
Pitching: RHP Cory Smith
Batting: RHB Will McDonald 0-0: Ball
1-0: Fly out, F9 (Flyball, 9S)
Bottom of the 6th over - 2 run(s), 3 hit(s), 0 error(s), 2 left on base; Butler 0 - Virginia Tech 4
TOP OF THE 7TH
Butler Bulldogs batting - Pitching for Virginia Tech Hokies : RHP Russ Underwood
Batting: LHB Víctor Piña 0-0: Fly out, F8 (Flyball, 8LM)
Batting: RHB Howard Reed 0-0: Ground out U3 (Groundball, 3)
Batting: SHB Kel Davis 0-0: Called Strike
0-1: Ball
1-1: Called Strike
1-2: Ball
2-2: Ground out 6-3 (Groundball, 6)
Top of the 7th over - 0 run(s), 0 hit(s), 0 error(s), 0 left on base; Butler 0 - Virginia Tech 4
BOTTOM OF THE 7TH
Virginia Tech Hokies batting - Pitching for Butler Bulldogs : RHP Cory Smith
Batting: RHB Primo Owen 0-0: Ball
1-0: Fly out, F8 (Line Drive, 78M)
Batting: RHB Rob Fleming 0-0: Foul Ball, location: 2F
0-1: Called Strike
0-2: Ball
1-2: Fly out, F9 (Flyball, 9S)
Batting: RHB Jack Jenkins 0-0: Ball
1-0: Fly out, F8 (Flyball, 8LM)
Bottom of the 7th over - 0 run(s), 0 hit(s), 0 error(s), 0 left on base; Butler 0 - Virginia Tech 4
TOP OF THE 8TH
Butler Bulldogs batting - Pitching for Virginia Tech Hokies : RHP Russ Underwood
Batting: RHB Foster Love 0-0: SINGLE (Line Drive, 89S)
Batting: RHB Daniel Bennett 0-0: DOUBLE (Flyball, 89D)
Foster Love to third
Pitching: RHP John Harris
Batting: SHB Larry Walters 0-0: Ball
1-0: Ball
2-0: Ball
3-0: Base on Balls
Pitching: RHP Gary Thompson
Batting: LHB Alex Kelly 0-0: Ball
1-0: Ball
2-0: Called Strike
2-1: Fielders Choice at 2nd, 4-6 (Groundball, 34)
Foster Love scores
Daniel Bennett to third
Pitching: LHP Phil Green
Batting: LHB Arnold Bernard 0-0: Ball
1-0: Grounds into double play, 6-4-3 (Groundball, 6M)
Top of the 8th over - 1 run(s), 2 hit(s), 0 error(s), 1 left on base; Butler 1 - Virginia Tech 4
BOTTOM OF THE 8TH
Virginia Tech Hokies batting - Pitching for Butler Bulldogs : RHP Cory Smith
Batting: RHB Elliott Short 0-0: Called Strike
0-1: Ball
1-1: Foul Ball, location: 2F
1-2: Ball
2-2: Strikes out swinging
Batting: RHB César Rodríguez 0-0: Ball
1-0: SINGLE (Line Drive, 34)
Batting: LHB Chris López 0-0: Foul Ball, location: 2F
0-1: Fly out, F4 (Line Drive, 4)
Batting: RHB Eric Clay 0-0: Ball
1-0: Ball
2-0: Foul Ball, location: 2F
2-1: Ground out 1-3 (Groundball, 13S)
Bottom of the 8th over - 0 run(s), 1 hit(s), 0 error(s), 1 left on base; Butler 1 - Virginia Tech 4
TOP OF THE 9TH
Butler Bulldogs batting - Pitching for Virginia Tech Hokies : LHP Phil Green
Pitching: LHP Rob Rogers
Batting: LHB Darryl Kirby 0-0: Foul Ball, location: 2F
0-1: Ball
1-1: Ball
2-1: Ball
3-1: Foul Ball, location: 2F
3-2: Base on Balls
Batting: LHB Víctor Piña 0-0: Called Strike
0-1: Swinging Strike
0-2: Strikes out looking
Batting: RHB Howard Reed 0-0: Fly out, F7 (Line Drive, 7)
Batting: SHB Kel Davis 0-0: Ball
1-0: Swinging Strike
1-1: Called Strike
1-2: Strikes out looking
Top of the 9th over - 0 run(s), 0 hit(s), 0 error(s), 1 left on base; Butler 1 - Virginia Tech 4
Tuesday, August 8th, 2017 - OOTP Baseball 17.12 Build 75